Map: Романтицид РВ

Players

JustJumy

  • Race: Protoss Protoss
  • League: Grandmaster

Hawk - Winner!

  • Race: Protoss Protoss
  • League: Grandmaster

VOD

Have the link to the VOD?

Description

Time

  • Played on: April 19, 2021, 3:44 p.m.
  • Length: 6:34
Show
View Real Time Build Order
Export as new Build Order

JustJumy Protoss 

Build Orders: Dark Templar Rush 

Get SALT Encoding   

  12  0:00  Probe  
  13  0:12  Probe  
  14  0:17  Pylon  
  14  0:24  Probe  
  15  0:36  Probe (Chrono Boost)  
  15  0:38  Gateway  
  16  0:48  Probe (Chrono Boost)  
  17  0:50  Assimilator  
  17  0:57  Probe (Chrono Boost)  
  18  0:58  Assimilator  
  18  1:03  Probe  
  19  1:13  Gateway  
  19  1:15  Probe  
  20  1:25  Cybernetics Core  
  20  1:27  Probe  
  21  1:34  Pylon  
  21  1:40  Probe  
  22  1:52  Probe  
  23  2:02  Stalker  
  23  2:04  Probe  
  23  2:06  Sentry  
  28  2:10  Warp Gate (Chrono Boost)  
  28  2:14  Pylon  
  28  2:16  Probe  
  29  2:44  Nexus  
  29  2:47  Shield Battery  
  29  2:56  Twilight Council  
  29  3:00  Sentry  
  31  3:06  Stalker  
  32  3:17  Pylon  
  32  3:28  Probe  
  32  3:32  Dark Shrine  
  33  3:41  Probe  
  34  3:48  Shield Battery  
  34  3:51  Stalker  
  34  3:52  Stalker  
  34  3:53  Probe  
  39  4:02  Pylon  
  39  4:05  Probe x2  
  41  4:12  Stalker  
  43  4:18  Stalker  
  45  4:27  Robotics Facility  
  45  4:35  Stalker  
  43  4:44  Shield Battery, Stalker  
  41  4:56  Zealot  
  41  4:58  Probe  
  44  5:05  Dark Templar  
  38  5:11  Zealot, Assimilator  
  31  5:28  Dark Templar  
  28  5:41  Pylon  
  7  5:59  Probe  
  7  6:02  Dark Templar  
  8  6:15  Probe (Chrono Boost)  
  8  6:25  Probe (Chrono Boost)  
Show
View Real Time Build Order
Export as new Build Order

Hawk Protoss - Winner!

Build Orders: Blink Stalkers 

Get SALT Encoding   

  12  0:00  Probe  
  13  0:12  Probe  
  14  0:17  Pylon  
  14  0:24  Probe (Chrono Boost)  
  16  0:35  Gateway  
  16  0:37  Probe (Chrono Boost)  
  16  0:42  Probe (Chrono Boost)  
  16  0:46  Assimilator  
  17  0:52  Probe (Chrono Boost)  
  17  0:54  Assimilator  
  18  1:05  Probe (Chrono Boost)  
  19  1:13  Gateway, Probe (Chrono Boost)  
  20  1:19  Probe  
  20  1:23  Cybernetics Core  
  21  1:31  Probe  
  22  1:37  Pylon  
  22  1:43  Probe  
  23  2:00  Stalker x2  
  23  2:01  Warp Gate  
  27  2:14  Twilight Council  
  27  2:29  Stalker  
  27  2:30  Stalker  
  31  2:40  Pylon  
  31  2:45  Blink (Chrono Boost)  
  31  3:09  Stalker x2  
  35  3:26  Nexus  
  35  3:30  Pylon  
  35  3:49  Stalker x2  
  35  3:55  Gateway  
  39  4:13  Stalker x2  
  39  4:16  Probe  
  44  4:29  Probe  
  43  4:41  Probe  
  42  4:45  Probe  
  42  4:50  Stalker x3  
  49  4:53  Probe  
  49  4:58  Probe  
  49  5:15  Probe x2  
  49  5:20  Stalker x2  
  49  5:21  Stalker  
  57  5:28  Robotics Facility  
  57  5:29  Pylon  
  43  5:56  Pylon  
  37  5:57  Shield Battery  
  31  6:15  Observer (Chrono Boost)  
  31  6:17  Stalker x3  
Tags
 
Add a new tag
Caveats
  • Supply blocks, unpowered buildings, or Contaminate may cause inaccurate times.
  • Supply counts are checked every 10 seconds.